 Dungeon Crawl Stone Soup version 0.24.0-125-gc4c63601f3 (webtiles) character file.

Game seed: 15299608066603384526, levelgen mode: deterministic

30882 Curus the Nimble (level 13, -1/109 HPs)
             Began as a Merfolk Gladiator on Feb 21, 2020.
             Was the Champion of Okawaru.
             Killed from afar by an efreet (2 damage)
             ... with a bolt of fire
             ... in a volcano.
             The game lasted 01:06:43 (15704 turns).

Curus the Nimble (Merfolk Gladiator)               Turns: 15704, Time: 01:06:44

Health: -1/109     AC:  6    Str: 16    XL:     13   Next: 54%
Magic:  18/18      EV: 27    Int: 13    God:    Okawaru [******]
Gold:   605        SH:  6    Dex: 25    Spells: 12/12 levels left

rFire    + + .     SeeInvis +   O - +0 demon trident
rCold    . . .     Gourm    .   D - +0 buckler
rNeg     + . .     Faith    .   J - +0 leather armour of Satisfaction {rF+ Int+5 Dex+5}
rPois    +         Spirit   .   R - +0 helmet of the Thinker {rC+ rN+ Str+2 SInv}
rElec    .         Reflect  .   i - +0 cloak {MR+}
rCorr    .         Harm     .   (no gloves)
MR       +....                  T - +0 pair of boots {Stlth+}
Stlth    +++.......             F - amulet of rage
HPRegen  0.28/turn              M - ring of fire
MPRegen  0.16/turn              s - ring of poison resistance

@: no status effects
A: change form in water, swift swim, stealthy swim, low mp 1, MP-powered wands
a: Heroism, Finesse, Renounce Religion, Evoke Berserk Rage


You were in a volcano.
You worshipped Okawaru.
Okawaru was exalted by your worship.
You were near starving.

You visited 3 branches of the dungeon, and saw 17 of its levels.
You also visited: Bailey, Gauntlet and Volcano.

You collected 1115 gold pieces.
You spent 510 gold pieces at shops.

Inventory:

Hand Weapons
 O - a +0 demon trident (weapon)
 U - a +4 glaive of venom
Missiles
 d - 6 throwing nets (quivered)
Armour
 e - a scarf of repulsion
 i - a +0 cloak of magic resistance (worn)
 j - the +0 hat of Focus {rN+, unknown}
   (Okawaru gifted it to you on level 4 of the Lair of Beasts)

   It protects you from negative energy.
 z - a +1 ring mail of cold resistance
 D - a +0 buckler (worn)
 J - the +0 leather armour of Satisfaction (worn) {rF+ Int+5 Dex+5}
   (You bought it in a shop on level 10 of the Dungeon)

   It affects your intelligence (+5).
   It affects your dexterity (+5).
   It protects you from fire.
 P - the +3 leather armour "Goovus" {+Blink MR+ Int+4}
   (You found it on level 2 of the Lair of Beasts)

   It affects your intelligence (+4).
   It affects your resistance to hostile enchantments.
   It lets you blink.
 R - the +0 helmet of the Thinker (worn) {rC+ rN+ Str+2 SInv}
   (You found it on level 3 of the Lair of Beasts)

   It affects your strength (+2).
   It protects you from cold.
   It protects you from negative energy.
   It lets you see invisible.
 T - a +0 pair of boots of stealth (worn)
 Y - a +2 helmet
Jewellery
 c - an uncursed ring of magical power
 g - a +4 ring of intelligence
 k - an uncursed ring of protection from cold
 n - an uncursed ring of ice
 o - a +3 ring of dexterity
 r - a +4 ring of protection
 s - a ring of poison resistance (right hand)
 t - a +4 ring of intelligence
 E - a +2 ring of strength
 F - an amulet of rage (around neck)
 G - an uncursed ring of flight
 L - an uncursed ring of see invisible
 M - a ring of fire (left hand)
 S - the ring "Joocih" {EV+3 Str+3}
   (You found it in a Gauntlet)

   [ring of evasion]

   It affects your evasion (+3).
   It affects your strength (+3).
Wands
 m - a wand of enslavement (14)
 x - a wand of flame (6)
 C - a wand of polymorph (13)
 K - a wand of random effects (55)
 W - a wand of acid (13)
 X - a wand of clouds (7)
Scrolls
 l - 6 scrolls of teleportation
 p - 7 scrolls of fog
 u - 6 scrolls of remove curse
 w - 14 scrolls of identify
 y - 5 scrolls of magic mapping
 B - 2 scrolls of blinking
 I - a scroll of enchant weapon
 Q - a scroll of summoning
 V - a scroll of enchant armour
Potions
 a - a potion of experience
 b - a potion of might
 h - a potion of haste
 q - 6 potions of curing
 v - a potion of magic
 A - 3 potions of brilliance
 Z - a potion of invisibility
Miscellaneous
 N - a phial of floods
Comestibles
 f - 22 rations


   Skills:
 - Level 12.5 Fighting
 - Level 14.0 Polearms
 - Level 2.0 Throwing
 - Level 14.8 Dodging
 - Level 4.0 Shields
 - Level 7.4 Invocations
 + Level 10.8 Evocations


You had 12 spell levels left.
You didn't know any spells.
Your spell library contained the following spells:

 Spells                   Type           Power        Failure   Level  Hunger
 Infusion                 Chrm           #...         36%         1    ##.....
 Sting                    Conj/Pois      #...         36%         1    ##.....
 Corpse Rot               Necr           N/A          50%         2    ###....
 Poisonous Vapours        Pois/Air       #.....       50%         2    ###....
 Shroud of Golubria       Chrm/Tloc      #.....       50%         2    ###....
 Song of Slaying          Chrm           #.......     50%         2    ###....
 Gell's Gravitas          Tloc           #.........   75%         3    ####...
 Mephitic Cloud           Conj/Pois/Air  #.......     75%         3    ####...
 Portal Projectile        Hex/Tloc       #.....       75%         3    ####...
 Regeneration             Chrm/Necr      #.........   75%         3    ####...
 Spectral Weapon          Hex/Chrm       #.......     75%         3    ####...
 Stone Arrow              Conj/Erth      #.....       75%         3    ####...
 Ice Form                 Ice/Tmut       #.......     98%         4    #####..
 Leda's Liquefaction      Hex/Erth       #.........   98%         4    #####..
 Olgreb's Toxic Radiance  Pois           #.......     98%         4    #####..
 Bolt of Magma            Conj/Fire/Erth #.........   100%        5    ######.
 Iskenderun's Battlesphe  Conj/Chrm      #.......     100%        5    ######.
 Metabolic Englaciation   Hex/Ice        #.........   100%        5    ######.
 Summon Forest            Summ/Tloc      #.........   100%        5    ######.
 Venom Bolt               Conj/Pois      #.........   100%        5    ######.
 Bolt of Cold             Conj/Ice       #.........   100%        6    #######
 Freezing Cloud           Conj/Ice/Air   #.........   100%        6    #######
 Hydra Form               Tmut           #.........   100%        6    #######
 Iron Shot                Conj/Erth      #.........   100%        6    #######
 Ozocubu's Refrigeration  Ice            #.........   100%        6    #######
 Simulacrum               Ice/Necr       #.........   100%        6    #######
 Malign Gateway           Summ/Tloc      #.........   100%        7    #######
 Orb of Destruction       Conj           #.........   100%        7    #######
 Spellforged Servitor     Conj/Summ      #.........   100%        7    #######
 Summon Hydra             Summ           #.........   100%        7    #######


Dungeon Overview and Level Annotations

Branches:
Dungeon (11/15)            Temple (1/1) D:4            Lair (5/6) D:11
 Shoals (0/4) Lair:3       Spider (0/4) Lair:3          Orc (0/2) D:10
 Bailey (visited)         Volcano (1/1)             Gauntlet (visited)
  Slime: Lair:5-6

Altars:
Ashenzari
Cheibriados
Dithmenos
Elyvilon
Fedhas
Gozag
Hepliaklqana
Kikubaaqudgha
Makhleb
Nemelex Xobeh
Okawaru
Qazlal
Ru
Sif Muna
Trog
Uskayaw
Vehumet
Zin
The Shining One

Shops:
D:4 *   D:10 [


Innate Abilities, Weirdness & Mutations

You revert to your normal form in water.
You are very nimble and swift while swimming.
You are very stealthy in the water. (Stealth+)
Your magical capacity is low. (-10% MP)
You expend magic power (3 MP) to strengthen your wands.


Message History

You are engulfed in blazing flames.
You resist.
* * * LOW HITPOINT WARNING * * *
You are engulfed in blazing flames.
You resist.
* * * LOW HITPOINT WARNING * * *
You are engulfed in blazing flames.
You resist.
* * * LOW HITPOINT WARNING * * *
You are engulfed in blazing flames.
You resist.
* * * LOW HITPOINT WARNING * * *
You open the door.
A fire vortex and an efreet come into view.
The efreet is wielding a +3 scimitar of flaming.
The efreet gestures at you. The bolt of fire hits you! You resist.
* * * LOW HITPOINT WARNING * * *
You feel better.
You are engulfed in blazing flames.
You resist.
* * * LOW HITPOINT WARNING * * *
You are near starving!
The efreet gestures at you. The bolt of fire hits you. You resist.
You die...

### #§### ##.§.# #§§≈.##
##### ##.≈≈.§# ##...#
##.§§≈§§# ##.☼☼##
#.§≈§§§§##
#.≈≈≈☼###§≈§≈≈§§§#
'§≈≈≈≈.##§≈≈≈≈≈§@#
#≈≈≈≈≈≈.'#≈≈≈≈≈≈#'R≈≈§§≈
#≈≈≈≈≈##############≈v§§
###≈≈## #≈ +##### # #


You could see an efreet and a fire vortex.

Vanquished Creatures
  A minotaur (Gauntlet)
  A blizzard demon (Gauntlet)
  The ghost of Zaebus the Martial Artist, a journeyman OpTm of Sif Muna (Lair:3)
  3 hydras
  3 two-headed ogres
  An ugly thing (D:11)
  An oklob plant (Lair:1)
  8 black mambas
  2 merfolk sirens (Lair:3)
  A centaur zombie (D:10)
  A gargoyle (D:10)
  A smoke demon (Gauntlet)
  7 spiny frogs
  A molten gargoyle (Volcano)
  4 komodo dragons
  2 efreet (Volcano)
  A red devil (Gauntlet)
  Prince Ribbit (D:8)
  3 jumping spiders (Lair:3)
  A hornet (D:7)
  2 merfolk (Lair:3)
  7 hippogriffs
  4 redbacks (Lair:3)
  A wyvern (D:10)
  A shadow (D:11)
  A spriggan (D:10)
  3 fire elementals (Volcano)
  19 yaks
  A hungry ghost (D:9)
  2 soldier ants (D:10)
  14 water moccasins
  7 porcupines
  5 orc warriors
  A sky beast (D:10)
  2 ice beasts (D:6)
  5 ogres
  2 black bears
  A phantom (D:11)
  2 necrophages (D:10)
  5 centaurs
  8 crocodiles
  2 gnoll sergeants
  14 bullfrogs
  A wyvern zombie (D:8)
  4 scorpions
  7 wights
  An electric eel (Lair:1)
  A howler monkey (D:5)
  4 crimson imps
  2 hounds
  A jelly (D:10)
  4 orc priests
  An orc wizard (D:9)
  Jessica (D:2)
  3 iguanas
  5 worker ants
  A hound skeleton (D:4)
  14 adders
  18 gnolls
  2 shadow imps
  A white imp (Gauntlet)
  An ooze (D:4)
  2 adder zombies
  A worm (D:3)
  A dart slug (D:3)
  6 leopard geckos
  26 orcs
  A ball python (D:3)
  A giant cockroach (D:7)
  12 goblins
  15 hobgoblins
  11 jackals
  A quokka (D:2)
  8 bats
  10 frilled lizards
  A jackal zombie (D:6)
  18 kobolds
  A leopard gecko skeleton (D:8)
  11 rats
  2 fire vortices (Volcano)
353 creatures vanquished.

Vanquished Creatures (others)
  A shadow imp (D:10)
  A quokka (D:3)
  9 fungi
  16 plants
27 creatures vanquished.

Grand Total: 380 creatures vanquished

Notes
Turn   | Place    | Note
-------+----------+-------------------------------------------
     0 | D:1      | Curus the Merfolk Gladiator began the quest for the Orb.
     0 | D:1      | Reached XP level 1. HP: 16/16 MP: 1/1
    88 | D:1      | Reached skill level 5 in Polearms
   127 | D:1      | Reached XP level 2. HP: 15/22 MP: 2/2
   783 | D:2      | Reached XP level 3. HP: 27/27 MP: 3/3
  1144 | D:2      | Reached XP level 4. HP: 33/33 MP: 4/4
  1153 | D:2      | Found a stormy altar of Qazlal.
  1183 | D:2      | Noticed Jessica
  1199 | D:2      | Killed Jessica
  1377 | D:2      | Reached XP level 5. HP: 34/38 MP: 5/5
  2058 | D:3      | Found a sparkling altar of Nemelex Xobeh.
  2092 | D:3      | Found a radiant altar of Vehumet.
  2530 | D:4      | Reached XP level 6. HP: 41/44 MP: 6/6
  2546 | D:4      | Found a snail-covered altar of Cheibriados.
  2656 | D:4      | Found Ighy Cefi's General Store.
  2939 | D:4      | Reached skill level 10 in Polearms
  2985 | D:4      | Found a staircase to the Ecumenical Temple.
  2994 | Temple   | Entered the Ecumenical Temple
  3002 | Temple   | Became a worshipper of Warmaster Okawaru
  3423 | D:5      | Entered Level 5 of the Dungeon
  4040 | D:5      | Reached XP level 7. HP: 47/50 MP: 7/7
  5043 | D:7      | Found a bloodstained altar of Trog.
  5100 | D:7      | Found a glowing golden altar of the Shining One.
  5116 | D:7      | Reached * piety under Okawaru
  5116 | D:7      | Reached XP level 8. HP: 56/56 MP: 8/8
  5130 | D:7      | Found a flagged portal.
  5141 | D:7      | Gained mutation: Your magical capacity is low. (-10% MP)
                  | [potion of mutation]
  5141 | D:7      | Gained mutation: You expend magic power (3 MP) to
                  | strengthen your wands. [potion of mutation]
  5151 | Bailey   | Entered a bailey
  5156 | Bailey   | Noticed an orc warlord
  5250 | Bailey   | Found a runed translucent gate.
  5252 | Bailey   | Found a runed translucent gate.
  5254 | Bailey   | Found a runed translucent gate.
  5757 | Bailey   | Identified a scroll of acquirement
  5769 | Bailey   | Reached XP level 9. HP: 78/78 MP: 8/8
  5964 | D:7      | Noticed a hornet
  5972 | D:7      | Paralysed by a hornet for 3 turns
  5985 | D:7      | Killed a hornet
  6674 | D:8      | Noticed Prince Ribbit
  6679 | D:8      | Killed Prince Ribbit
  6679 | D:8      | Reached ** piety under Okawaru
  6679 | D:8      | Reached skill level 10 in Fighting
  6737 | D:8      | Found a hazy altar of Hepliaklqana.
  6804 | D:8      | Found a shimmering blue altar of Sif Muna.
  7042 | D:8      | Found an ancient bone altar of Kikubaaqudgha.
  7092 | D:9      | Reached XP level 10. HP: 86/86 MP: 9/9
  7265 | D:9      | Found a shadowy altar of Dithmenos.
  7330 | D:9      | Found a blossoming altar of Fedhas.
  7330 | D:9      | Found an opulent altar of Gozag.
  7400 | D:9      | Reached *** piety under Okawaru
  7442 | D:9      | Noticed a two-headed ogre
  7479 | D:9      | Killed a two-headed ogre
  7916 | D:10     | Entered Level 10 of the Dungeon
  7916 | D:10     | Noticed a gargoyle
  7940 | D:10     | Reached **** piety under Okawaru
  7946 | D:10     | Killed a gargoyle
  8169 | D:10     | Found a staircase to the Orcish Mines.
  8198 | D:10     | Reached XP level 11. HP: 81/93 MP: 9/9
  8226 | D:10     | Found Ceabip's Armour Shoppe.
  8262 | D:10     | Bought the cursed +0 leather armour of Satisfaction {rF+
                  | Int+5 Dex+5} for 510 gold pieces
  8509 | D:10     | Reached ***** piety under Okawaru
  9092 | D:11     | Noticed a two-headed ogre
  9111 | D:11     | Killed a two-headed ogre
  9156 | D:11     | Noticed a cyan ugly thing
  9176 | D:11     | Killed a cyan ugly thing
  9438 | D:11     | Noticed a two-headed ogre
  9449 | D:11     | Killed a two-headed ogre
  9491 | D:11     | Found an opulent altar of Gozag.
  9737 | D:11     | Found a staircase to the Lair.
  9745 | Lair:1   | Entered Level 1 of the Lair of Beasts
  9855 | Lair:1   | Noticed a five-headed hydra
  9866 | Lair:1   | Killed a five-headed hydra
  9866 | Lair:1   | Reached skill level 1 in Shields
  9866 | Lair:1   | Reached skill level 1 in Invocations
  9866 | Lair:1   | Reached skill level 1 in Evocations
  9907 | Lair:1   | Received a gift from Okawaru
  9907 | Lair:1   | Reached ****** piety under Okawaru
  9908 | Lair:1   | Got an ichor-stained plate armour {god gift}
 10290 | Lair:1   | Noticed an oklob plant
 10318 | Lair:1   | Reached XP level 12. HP: 72/103 MP: 11/12
 11138 | Lair:2   | Got a pitted leather armour
 11606 | Lair:2   | Identified the +3 leather armour "Goovus" {+Blink MR+
                  | Int+4} (You found it on level 2 of the Lair of Beasts)
 11645 | Lair:3   | Found a hole to the Spider Nest.
 11667 | Lair:3   | Noticed Zaebus's ghost (journeyman OpTm)
 11700 | Lair:3   | Found a staircase to the Shoals.
 11727 | Lair:3   | Reached skill level 5 in Invocations
 11751 | Lair:3   | Reached skill level 5 in Evocations
 11814 | Lair:3   | Got a transparent helmet
 11829 | Lair:3   | Identified the +0 helmet of the Thinker {rC+ rN+ Str+2
                  | SInv} (You found it on level 3 of the Lair of Beasts)
 11920 | Lair:3   | Found a gate leading to a gauntlet.
 11979 | Lair:3   | Noticed a five-headed hydra
 11987 | Gauntlet | Entered a Gauntlet
 11987 | Gauntlet | Found a transporter.
 11987 | Gauntlet | Found a transporter.
 12029 | Gauntlet | Found a transporter.
 12029 | Gauntlet | Found a transporter.
 12036 | Gauntlet | Noticed a soul eater
 12038 | Gauntlet | Found a transporter.
 12058 | Gauntlet | Noticed a blizzard demon
 12061 | Gauntlet | Found a transporter.
 12067 | Gauntlet | Found a transporter.
 12067 | Gauntlet | Found a transporter.
 12091 | Gauntlet | Found a transporter.
 12100 | Gauntlet | Found a transporter.
 12114 | Gauntlet | Found a transporter.
 12132 | Gauntlet | Found a transporter.
 12178 | Gauntlet | Found a transporter.
 12194 | Gauntlet | Found a transporter.
 12195 | Gauntlet | Noticed a hell beast
 12296 | Gauntlet | Found a transporter.
 12309 | Gauntlet | Noticed a blizzard demon
 12310 | Gauntlet | Found a transporter.
 12553 | Gauntlet | Killed a blizzard demon
 12609 | Gauntlet | Got a vibrating steel ring
 12616 | Gauntlet | Identified the ring "Joocih" {EV+3 Str+3} (You found it in
                  | a Gauntlet)
 12676 | Gauntlet | Noticed a minotaur
 12697 | Gauntlet | Killed a minotaur
 12697 | Gauntlet | Received a gift from Okawaru
 12704 | Gauntlet | Identified the Guide on Displaced Flight
 12720 | Lair:3   | Killed a five-headed hydra
 13102 | Lair:3   | Found a runed translucent door.
 13203 | Lair:3   | Reached XP level 13. HP: 87/109 MP: 16/16
 13682 | Lair:3   | Killed Zaebus's ghost
 13878 | Lair:4   | Received a gift from Okawaru
 13885 | Lair:4   | Got a translucent hat {god gift}
 14569 | Lair:4   | Reached skill level 10 in Evocations
 15370 | Lair:5   | Found a dark tunnel.
 15381 | Volcano  | Entered a volcano
 15703 | Volcano  | HP: 1/109 [efreet/bolt of fire (8)]
 15704 | Volcano  | Killed from afar by an efreet

Levels and vault maps discovered:
D:1:      nzn_arrival_crosshair, layout_loops_cross
D:2:      layout_basic, nicolae_qazlal_general_emergency, first_ration,
          minmay_close_crescents, uniq_jessica
D:3:      layout_loops_ring, fiery_altar_vehumet,
          nemelex_xobeh_ov_fountains_minmay
D:4:      layout_basic, old_standard_altar, minmay_temple_entry_metal_lava,
          serial_shops, shop, corexii_corridor_pit
D:5:      layout_gridville
D:6:      layout_loops_cross, minmay_diced_spiral
D:7:      layout_rooms, lightli_temple_of_fire, kennysheep_mini_moat,
          enter_bailey_3
D:8:      layout_rooms, kennysheep_little_box, lemuel_coloured_pillars_altar,
          lemuel_round_altar, serial_glass, glass_columns_b, glass_columns_a,
          uniq_prince_ribbit1
D:9:      layout_roguey, nicolae_overflow_crystal_walls,
          amethyst_overflow_temple_binary
D:10:     layout_long_grid, orc_david_3, the_bakery
D:11:     minmay_recursive_quarters, layout_loops_ring, lair_entry_dummy,
          basic_altar, minmay_splitting_lines, uniq_psyche
Temple:   eino_temple_lava
Lair:1:   layout_concentric_octagons, fungi_pond_lemuel, serial_bayou_ford_a,
          chequers_serial_rivers_micro_b, minmay_lair_oklob_chamber,
          grunt_megastairs_5, infiniplex_staircase_pool_2
Lair:2:   layout_misc_corridors
Lair:3:   layout_chaotic_city, elwin_shoals_entry_stream,
          nicolae_spider_entry_tight_spaces, hellmonk_ghost_happy_afterlife,
          gauntlet_entry_generic, minmay_holes
Lair:4:   beast_lair_carwin_large_1, layout_regular_city, st_stairs_4,
          kennysheep_catoblepas_arena
Lair:5:   layout_gridlike, slime_altar_1, nicolae_volcano_entry_hallway,
          dpeg_oklob_1
Volcano:  volcano_aerie

Skill      XL: |  1  2  3  4  5  6  7  8  9 10 11 12 13 |
---------------+----------------------------------------+-----
Polearms       | 5 6 7 8 9 10 12 13 14 | 14.0
Fighting       | 9 10 11 12 | 12.5
Dodging        | 11 12 13 14 | 14.8
Shields        | 2 4 |  4.0
Invocations    | 3 7 |  7.4
Evocations     | 2 7 10 | 10.8
Throwing       | |  2.0

Action                   |  1- 3 |  4- 6 |  7- 9 | 10-12 | 13-15 || total
-------------------------+-------+-------+-------+-------+-------++-------
Melee: Trident           |   126 |   175 |   339 |   813 |       ||  1453
       Demon trident     |       |       |       |   101 |   337 ||   438
       Tailslap          |       |       |       |     2 |       ||     2
Throw: Throwing net      |       |       |       |     1 |       ||     1
Invok: Heroism           |       |       |     1 |     2 |       ||     3
Evoke: Wand              |       |       |       |     2 |     2 ||     4
  Use: Potion            |     4 |     5 |     6 |     3 |     5 ||    23
       Scroll            |     6 |     4 |    10 |     4 |     1 ||    25
 Stab: Sleeping          |     1 |       |       |     7 |     5 ||    13
       Held in net/web   |       |       |       |     6 |       ||     6
       Distracted        |       |       |       |     2 |     1 ||     3
  Eat: Chunk             |     1 |     9 |     3 |    14 |     3 ||    30
       Ration            |       |       |     2 |     2 |     1 ||     5
Armor: Leather armour    |    21 |       |       |    25 |    26 ||    72
       Ring mail         |     6 |    56 |    40 |    32 |       ||   134
Dodge: Dodged            |    70 |    71 |   162 |   482 |   272 ||  1057
       Deflected         |     4 |     3 |    16 |       |       ||    23
Block: Buckler           |       |       |     1 |   139 |    87 ||   227
